 Dungeon Crawl Stone Soup version 0.22.1-1-ga44c0e5 (webtiles) character file.

203 lysyklops the Covered (level 5, 0/34 HPs)
             Began as a Gargoyle Fighter on Sept 30, 2018.
             Slain by a hippogriff (3 damage)
             ... on level 3 of the Dungeon.
             The game lasted 00:03:35 (1827 turns).

lysyklops the Covered (Gargoyle Fighter)            Turns: 1827, Time: 00:03:36

Health: 0/34       AC: 12    Str: 21    XL:     5   Next: 81%
Magic:  5/5        EV:  7    Int:  8    God:
Gold:   275        SH:  9    Dex:  9    Spells: 4/4 levels left

rFire    . . .     SeeInvis .   a - +0 flail
rCold    . . .     Gourm    .   c - +0 shield
rNeg     + . .     Faith    .   b - +0 scale mail
rPois    ∞         Spirit   .   (no helmet)
rElec    +         Reflect  .   (no cloak)
rCorr    .         Harm     .   m - +0 pair of gloves
MR       .....                  (no boots)
Stlth    ..........             (no amulet)
HPRegen  0.11/turn              (no ring)
MPRegen  0.09/turn              (no ring)

@: no status effects
A: negative energy resistance 1, electricity resistance, unbreathing,
petrification resistance, rot immunity, AC +4
a: no special abilities


You were on level 3 of the Dungeon.
You were hungry.

You visited 1 branch of the dungeon, and saw 3 of its levels.

You collected 275 gold pieces.

Inventory:

Hand Weapons
 a - a +0 flail (weapon)
Armour
 b - a +0 scale mail (worn)
 c - a +0 shield (worn)
 m - a +0 pair of gloves (worn)
Jewellery
 w - an uncursed ring of see invisible {unknown}
Wands
 r - a wand of flame (17)
Scrolls
 e - 2 scrolls of amnesia {unknown}
 g - 4 scrolls of identify {unknown}
 j - 2 scrolls of fog {unknown}
 k - a scroll of immolation {unknown}
 q - a scroll of teleportation {unknown}
 u - a scroll of remove curse {unknown}
Potions
 d - 2 potions of might
 h - a potion of flight {unknown}
 i - 2 potions of heal wounds {unknown}
 l - 2 potions of curing {unknown}
 n - a potion of brilliance {unknown}
 o - a potion of magic {unknown}
 p - a potion of lignification {unknown}
 t - a potion of degeneration {unknown}
 v - a potion of ambrosia {unknown}
Comestibles
 f - 4 rations


   Skills:
 + Level 4.4 Fighting
 + Level 3.3 Maces & Flails
 + Level 4.4 Armour
 + Level 4.4 Shields


You had 4 spell levels left.
You didn't know any spells.
Your spell library was empty.

Dungeon Overview and Level Annotations

Branches:
Dungeon (3/15)

Altars:


Innate Abilities, Weirdness & Mutations

You are resistant to torment.
Your stone body is resilient. (AC +4)
You are immune to poison.
You resist negative energy. (rN+)
You are resistant to electric shocks. (rElec)
You can survive without breathing.
You are immune to petrification.
You are immune to rotting.


Message History

The hippogriff claws you but does no damage.
You block the hippogriff's attack. The hippogriff pecks you.
* * * LOW HITPOINT WARNING * * *
You block the hippogriff's attack.
You thump the hippogriff!
The hippogriff is almost dead.
The hippogriff bites you but does no damage.
You block the hippogriff's attack. The hippogriff barely misses you.
You closely miss the hippogriff.
The hippogriff is almost dead.
You block the hippogriff's attack.
The hippogriff pecks you but does no damage.
The hippogriff barely misses you.
You barely miss the hippogriff.
The hippogriff is almost dead.
The hippogriff bites you but does no damage.
You block the hippogriff's attack. x2; The hippogriff bites you.
* * * LOW HITPOINT WARNING * * *
The hippogriff pecks you.
You die...

≈≈≈≈≈≈≈≈≈≈≈≈≈≈≈≈≈P≈.≈..
≈≈≈≈≈≈.≈≈≈≈≈≈≈≈≈≈≈≈≈.≈..
.≈≈≈.≈≈.≈≈≈≈≈≈≈≈≈≈≈PP≈P≈
.........≈.≈≈≈≈≈≈≈≈≈≈≈≈≈
..###.<.........≈≈≈≈≈≈≈≈
...............≈.P≈P≈≈≈≈
#.##.#.###........≈≈≈≈≈≈
#.##.#.# ####.......PPP≈
..##.#.# ####@...≈.≈≈
####.#.# ##H....#≈
..##.#.# #....# #....#.#
#..## ######.# ###


You could see a hippogriff.

Vanquished Creatures
  A howler monkey (D:3)
  An orc priest (D:3)
  A worker ant (D:2)
  3 adders (D:2)
  2 worms
  2 dart slugs
  4 leopard geckos
  3 orcs (D:3)
  5 bats
  3 giant cockroaches
  11 goblins
  8 hobgoblins
  3 jackals (D:1)
  A quokka (D:3)
  A ball python (D:3)
  4 frilled lizards
  6 kobolds
  8 rats
67 creatures vanquished.

Notes
Turn   | Place    | Note
-------+----------+-------------------------------------------
     0 | D:1      | lysyklops the Gargoyle Fighter began the quest for the Orb.
     0 | D:1      | Reached XP level 1. HP: 14/14 MP: 1/1
   172 | D:1      | Reached XP level 2. HP: 16/19 MP: 2/2
   741 | D:2      | Reached XP level 3. HP: 23/23 MP: 3/3
   896 | D:2      | Reached XP level 4. HP: 22/29 MP: 4/4
  1368 | D:3      | Reached XP level 5. HP: 32/33 MP: 5/5
  1815 | D:3      | Noticed a hippogriff
  1827 | D:3      | Slain by a hippogriff

Skill      XL: |  1  2  3  4  5 |
---------------+----------------+-----
Fighting       | 4 |  4.4
Armour         | 4 |  4.4
Shields        | 4 |  4.4
Maces & Flails | 3 |  3.3

Action                   |  1- 3 |  4- 6 || total
-------------------------+-------+-------++-------
Melee: Flail             |   134 |   135 ||   269
  Eat: Chunk             |       |     3 ||     3
Armor: Scale mail        |    95 |    81 ||   176
Dodge: Dodged            |    55 |    63 ||   118
Block: Shield            |    80 |    86 ||   166
